 Dungeon Crawl Stone Soup version 0.28-a0-1128-gb845255321 (webtiles) character file.

Game seed: 17979803120714489856

105 BinkBink the Slasher (level 4, -2/41 HPs)
             Began as a Minotaur Monk on Dec 12, 2021.
             Was a Priest of Vehumet.
             Killed from afar by an orc wizard (5 damage)
             ... with a magic dart
             ... on level 3 of the Dungeon.
             The game lasted 00:02:32 (1939 turns).

BinkBink the Slasher (Minotaur Monk)                Turns: 1939, Time: 00:02:34

Health: -2/41      AC:  2    Str: 16    XL:     4   Next: 53%
Magic:  3/3        EV: 13    Int:  7    God:    Vehumet [***...]
Gold:   149        SH:  0    Dex: 14    Spells: 2/3 levels left

rFire   . . .      SeeInvis .   a - +0 falchion
rCold   . . .      Faith    .   (no shield)
rNeg    . . .      Spirit   .   b - +0 robe
rPois   .          Reflect  .   (helmet restricted)
rElec   .          Harm     .   (no cloak)
rCorr   .          Rampage  .   (no gloves)
Will    .....                   (no boots)
Stlth   ++........              (no amulet)
HPRegen 0.13/turn               (no ring)
MPRegen 0.08/turn               (no ring)

@: no status effects
A: horns 2, retaliatory headbutt
a: Renounce Religion


You were on level 3 of the Dungeon.
You worshipped Vehumet.
Vehumet was most pleased with you.
You visited 1 branch of the dungeon, and saw 3 of its levels.

You collected 149 gold pieces.

Inventory:

Hand Weapons
 a - a +0 falchion (weapon)
Armour
 b - a +0 robe (worn)
 c - a +0 cloak
Jewellery
 e - a ring of ice
 f - a +6 ring of dexterity
Scrolls
 d - 4 scrolls of identify {unknown}
 g - a scroll of enchant weapon {unknown}
 h - 2 scrolls of teleportation {unknown}
 i - 2 scrolls of fog {unknown}


   Skills:
 + Level 4.4 Fighting
 + Level 4.8 Long Blades
 * Level 2.0 Armour
 + Level 4.0 Dodging
 - Level 1.5 Stealth


You had 2 spell levels left.
You knew the following spells:

 Your Spells              Type           Power      Damage    Failure   Level
a - Sandblast             Erth           0%         2d4       13%         1

Your spell library contained the following spells:

 Spells                   Type           Power      Damage    Failure   Level
 Ignite Poison            Fire/Tmut/Pois 0%         N/A       32%         3


Dungeon Overview and Level Annotations

Branches:
Dungeon (3/15)

Altars:
Vehumet

Shops:
D:1 (


Innate Abilities, Weirdness & Mutations

You have a pair of horns on your head.
You reflexively headbutt those who attack you in melee.


Message History

The orc barely misses you.
You hit the orc but do no damage.
The orc is moderately wounded.
The orc hits you with a +0 flail!
* * * LOW HITPOINT WARNING * * *
You barely miss the orc.
The orc is moderately wounded.
The orc closely misses you. You furiously retaliate!
You headbutt the orc, but do no damage. You barely miss the orc.
The orc is moderately wounded.
The orc completely misses you. You furiously retaliate!
You headbutt the orc, but do no damage. You slash the orc!
You kill the orc!
Vehumet accepts your kill.
You hear some strange, mumbled words.
Something tries to affect you, but you resist.
Something hits you.
* * * LOW HITPOINT WARNING * * *
Things that are here:
a +0 flail; a +0 chain mail You closely miss something.
Something hits you.
* * * LOW HITPOINT WARNING * * *
You hit something. Your headbutt misses something. Something hits you.
* * * LOW HITPOINT WARNING * * *
You hit something but do no damage. You headbutt something.
You hear some strange, mumbled words.
Something tries to affect you, but you resist.
You barely miss something. Your headbutt misses something. Something hits you.
* * * LOW HITPOINT WARNING * * *
You miss something. You headbutt something! Something hits you.
* * * LOW HITPOINT WARNING * * *
You closely miss something. Something hits you.
* * * LOW HITPOINT WARNING * * *
You miss something.
You hear some strange, mumbled words.
A magic dart appears from out of thin air!
The magic dart hits you.
You die...

#..†..< #.#####
#.#
############.#
#.)..........#
#.############
#.# #.# #### #@#
..... ##{###...#
#.oo.o...#
#.............
....######..##..
#.#.# ..# # #.
... # ###. .


You could see 2 orcs.

Vanquished Creatures
  An orc wizard (D:3)
  An adder (D:2)
  A worm (D:2)
  4 dart slugs
  An orc (D:3)
  4 ball pythons
  An endoplasm (D:1)
  10 giant cockroaches
  8 goblins
  5 hobgoblins
  4 kobolds
  A quokka (D:1)
  6 bats
  3 frilled lizards
  5 rats
55 creatures vanquished.

Notes
Turn   | Place    | Note
-------+----------+-------------------------------------------
     0 | D:1      | BinkBink the Minotaur Monk began the quest for the Orb.
     0 | D:1      | Reached XP level 1. HP: 19/19 MP: 0/0
   188 | D:1      | Reached XP level 2. HP: 27/27 MP: 1/1
   214 | D:1      | Found Qiuqiocei's Weapon Shoppe.
   311 | D:1      | Reached skill level 1 in Armour
   752 | D:1      | Reached XP level 3. HP: 31/33 MP: 2/2
   819 | D:1      | Found a faded altar of an unknown god.
   858 | D:1      | Prayed at the altar of an unknown god.
   858 | D:1      | Became a worshipper of Vehumet
   858 | D:1      | Reached * piety under Vehumet
   858 | D:1      | Offered knowledge of Freeze by Vehumet.
   858 | D:1      | Reached ** piety under Vehumet
  1076 | D:2      | Offered knowledge of Sandblast by Vehumet.
  1079 | D:2      | Learned a level 1 spell: Sandblast
  1116 | D:2      | Offered knowledge of Scorch by Vehumet.
  1118 | D:2      | Reached *** piety under Vehumet
  1342 | D:2      | Reached XP level 4. HP: 41/41 MP: 3/3
  1415 | D:2      | Offered knowledge of Ignite Poison by Vehumet.
  1939 | D:3      | Killed from afar by an orc wizard

Illustrated notes

Levels and vault maps discovered:
D:1:      amcnicky_arrival_flooded_fountain, layout_loops_cross, serial_shops,
          nicolae_shop_statue_plus, hellmonk_ecumenical_altar_leap_of_faith,
          minmay_ruptured
D:2:      minmay_recursive_quarters, layout_basic, minmay_unequal
D:3:      layout_loops_ring, nicolae_overflow_crystal_walls, uniq_jessica

Skill      XL: |  1  2  3  4 |
---------------+-------------+-----
Armour         | 1 2 |  2.0
Fighting       | 4 |  4.4
Long Blades    | 4 |  4.8
Dodging        | 4 |  4.0
Stealth        | |  1.5

Action                   |  1- 3 |  4- 6 || total
-------------------------+-------+-------++-------
Melee: Falchion          |    81 |    31 ||   112
       Headbutt          |     9 |     6 ||    15
 Stab: Sleeping          |     4 |     3 ||     7
Armor: Robe              |    10 |     3 ||    13
Dodge: Dodged            |    53 |    13 ||    66

Table legend: (Time is in decaauts)
 A = Elapsed time spent in this place.
 B = Non-inter-level travel time spent in this place.
 C = Inter-level travel time spent in this place.
 D = Time resting spent in this place.
 E = Time spent auto-exploring this place.
 F = Levels seen in this place.
 G = Mean time per level.
                   A        B        C        D        E       F      G
               +--------+--------+--------+--------+--------+-----+--------+
         Total |   1949 |   1856 |     93 |      0 |   1549 |   3 |  649.7 |
       Dungeon |   1949 |   1856 |     93 |      0 |   1549 |   3 |  649.7 |
               +--------+--------+--------+--------+--------+-----+--------+

Top non-repeatable levels by time:
     D:1: 998 daAuts
     D:2: 893 daAuts
     D:3: 57 daAuts
